Cogmind - Beta 10 X2 --- EXPLORER MODE // 2020.07.18 @ 22:28:31 // Experiment/BattleRoyale Player: Minty Result: Self-destructed Performance ------------- Evolutions (0) 0 Regions Visited (0) 0 Robots Destroyed (0) 0 Value Destroyed (0) 0 Prototype IDs (0) 0 Alien Tech Used (0) 0 Bonus (0) 0 TOTAL SCORE: 0 Bonus ------- None Cogmind --------- Core Integrity 69/250 Matter 151/300 Energy 286/330 System Corruption 0% Temperature Cool (646) Movement Rolling (120) Ox2 Location -5/Wartown Parts ------- > --- POWER (2) -------- Light Deuterium Engine Improved Deuterium Engine > --- PROPULSION (4) --- Armored Huge Wheel > --- UTILITY (6) ------ Advanced Sensor Array Medium Reactive Plating > --- WEAPON (3) ------- Barrage Gun Heavy Flak Cannon Hypervelocity Mass Driver > --- INVENTORY (4) ---- (None) Peak State ------------ > --- POWER ------------ Light Deuterium Engine Improved Deuterium Engine > --- PROPULSION ------- Biometal Medium Treads Armored Huge Wheel > --- UTILITY ---------- Advanced Cooling System Advanced Sensor Array Energy Filter Medium Reactive Plating Advanced Thermal Shield Advanced Hardlight Generator > --- WEAPON ----------- Barrage Gun Heavy Flak Cannon Hypervelocity Mass Driver > --- INVENTORY -------- (None) [Rating: 69] Favorites ----------- Power Light Deuterium Engine Engine Light Deuterium Engine Propulsion Armored Huge Wheel Treads Biometal Medium Treads Wheel Armored Huge Wheel Utility Advanced Sensor Array Device Advanced Sensor Array Protection Medium Reactive Plating Weapon Barrage Gun Ballistic Gun Barrage Gun Ballistic Cannon Heavy Flak Cannon Build | -5 ------- Run | Tow Slots Evolved . | . Power . | . Propulsion . | . Utility . | . Weapon . | . Parts Attached 1 | 1 Power . | . Engine . | . Core . | . Reactor . | . Propulsion . | . Treads . | . Leg . | . Wheel . | . Hover . | . Flight . | . Utility 1 | 1 Device 1 | 1 Storage . | . Processor . | . Hackware . | . Protection . | . Artifact . | . Weapon . | . Energy Gun . | . Energy Cannon . | . Ballistic Gun . | . Ballistic Cannon . | . Launcher . | . Special Weapon . | . Impact Weapon . | . Slashing Weapon . | . Piercing Weapon . | . Special Melee Weapon . | . Unidentified Prototypes . | . Parts Lost . | . Power . | . Propulsion . | . Utility . | . Weapon . | . Highest Loss Streak . | . Average Slot Usage (%) 63 | 63 Engine 13 | 13 Treads 5 | 5 Wheel 6 | 6 Device 11 | 11 Protection 6 | 6 Ballistic Gun 6 | 6 Ballistic Cannon 13 | 13 Naked Turns . | . Heaviest Build 69 | 69 Greatest Support 35 | 35 Greatest Overweight (x) 2 | 2 Average Overweight (x) 1 | 1 Largest Inventory Capacity 4 | 4 Average Capacity 4 | 4 Most Carried . | . Average Carried . | . Final Capacity 4 | 4 Final Carried . | . Class Distribution -------------------- 100% | Hacker-Tank Dominant Class ---------------- Hacker-Tank | -5/Wartown Resources | -5 ----------- Run | Tow Matter Collected . | . Remotely . | . Salvage Created . | . Parts . | . Haulers Intercepted . | . Recyclers Shooed . | . Parts Field Recycled . | . Retrieved Matter . | . Parts Self-Destructed . | . Prevented . | . Kills | -5 ------- Run | Tow Combat Hostiles Destroyed . | . Classes Destroyed . | . Best Kill Streak . | . Combat Bots Only . | . Max Kills in Single Turn . | . Gunslinging . | . Exploded . | . Melee . | . Uniques/NPCs Destroyed . | . Combat | -5 -------- Run | Tow Damage Taken 266 | 266 Core 181 | 181 Absorbed by Shields 9 | 9 Redirected to Core 2908 | 2908 Core Remaining (%) . | . Volleys Fired 9 | 9 Largest 3 | 3 Hottest 147 | 147 Shots Fired 23 | 23 Gun 7 | 7 Cannon 16 | 16 Launcher . | . Special . | . Kinetic 23 | 23 Thermal . | . Explosive . | . Electromagnetic . | . Robot Hit Streak 7 | 7 Robot Miss Streak 4 | 4 Penetration Max . | . Secondary Targets . | . Shots Hit Robots 16 | 16 Core Hits 4 | 4 Critical Hits 4 | 4 Critical Kills . | . Critical Parts Destroyed 3 | 3 Melee Attacks . | . Impact . | . Slashing . | . Piercing . | . Sneak Attacks . | . Combat Hostiles . | . Follow-up Attacks . | . Damage Inflicted 252 | 252 Guns 48 | 48 Cannons 204 | 204 Explosions . | . Melee . | . Ramming . | . Kinetic 252 | 252 Thermal . | . Explosive . | . Electromagnetic . | . Impact . | . Slashing . | . Piercing . | . Highest Corruption . | . Average Corruption . | . Corruption Purged . | . Overload Shots . | . Overflow Damage . | . Projectiles . | . Explosions . | . Melee . | . Knockbacks 6 | 6 Impact . | . Kinetic 6 | 6 Secondary . | . Self-Inflicted Damage 77 | 77 Shots 2 | 2 Rammed . | . Targets Rammed . | . Kicked . | . Crushed . | . Highest Temperature 667 | 667 Average Temperature 384 | 384 Received Heat Transfer 45 | 45 Effects 19 | 19 Shutdowns 5 | 5 Energy Bleed 1 | 1 Interference 3 | 3 Matter Decay 1 | 1 Short Circuit 2 | 2 Damage (minor) 2 | 2 Damage (major) 3 | 3 Damage (core) 2 | 2 Siege Activations . | . Robots Corrupted . | . Combat Hostiles . | . Parts Fried . | . Impact Corruptions . | . Robots Melted . | . Combat Hostiles . | . Parts Melted . | . Heat Transferred . | . Parts Sabotaged . | . Parts Stolen . | . Parts Stripped . | . Power Chain Reactions . | . Missiles Intercepted . | . Alert | -5 ------- Run | Tow Peak Influence . | . Average Influence . | . Maximum Alert Level . | . Low Security (%) . | . Level 1 . | . Level 2 . | . Level 3 . | . Level 4 . | . Level 5 . | . High Security . | . Max Security . | . Squads Dispatched . | . Investigation . | . Extermination . | . Reinforcement . | . Assault . | . Garrison . | . Intercept . | . Construction Impeded . | . Haulers Reinforced . | . Stealth | -5 --------- Run | Tow Distress Signals . | . Communications Jammed . | . Distress Signals . | . Times Spotted 2 | 2 Peak Tracking Total 2 | 2 Tactical Retreats . | . Traps | -5 ------- Run | Tow Traps Triggered . | . Indirectly . | . Trap Hack Attempts . | . Triggered . | . Disarmed . | . Reprogrammed . | . Reused . | . Traps Extracted . | . Installed . | . Triggered . | . Machines | -5 ---------- Run | Tow Machines Disabled 2 | 2 Max in Single Turn 2 | 2 Machines Sabotaged . | . Garrisons Compromised . | . Overloaded Fab Kills . | . Fab Network Shutdowns . | . Hacking | -5 --------- Run | Tow Machines Accessed . | . Terminals . | . Fabricators . | . Repair Stations . | . Recycling Units . | . Scanalyzers . | . Garrison Access . | . Total Hacks . | . Successful . | . Failed . | . Catastrophic . | . Database Lockouts . | . Manual . | . Terminals . | . Fabricators . | . Repair Stations . | . Recycling Units . | . Scanalyzers . | . Garrison Access . | . Terminal Hacks . | . Fabricator Hacks . | . Repair Station Hacks . | . Recycling Unit Hacks . | . Scanalyzer . | . Garrison Access Hacks . | . Unauthorized Hacks . | . Terminals . | . Fabricators . | . Repair Stations . | . Recycling Units . | . Scanalyzers . | . Garrison Access . | . Data Cores Recovered . | . Used . | . Hacking Detections . | . Full Trace Events . | . Feedback Events . | . Feedback Blocked . | . Robot Schematics Acquired . | . Robots Built . | . Matter . | . Time . | . Total Robot Build Rating . | . Part Schematics Acquired . | . Parts Built . | . Matter . | . Time . | . Total Part Build Rating . | . Parts Repaired . | . Time . | . Parts Recycled . | . Recycled Matter . | . Retrieved Matter . | . Retrieved Components . | . Parts Scanalyzed . | . Part Schematics Acquired . | . Parts Damaged . | . Bothacking | -5 ------------ Run | Tow Used RIF Installer . | . Robots Hacked . | . Non-combat . | . Combat . | . Robot Hacks Applied . | . Relay Couplers Released . | . Robots Rewired . | . Allies Hacked . | . Hacks Repelled . | . Allies | -5 -------- Run | Tow Total Allies . | . Largest Group . | . Highest-Rated Group . | . Highest-Rated Ally . | . Total Orders . | . Ally Attacks . | . Total Damage . | . Kills . | . Allies Corrupted . | . Allies Melted . | . Intel | -5 ------- Run | Tow Robot Analysis Total . | . Derelict Logs Recovered . | . Drone Launches . | . Drone Recoveries . | . Exploration | -5 ------------- Run | Tow Turns Passed 87 | 87 Spaces Moved 33 | 33 Core . | . Treads 30 | 30 Legs . | . Wheels 3 | 3 Hover . | . Flight . | . Fastest Speed 120 | 120 Average Speed 160 | 160 Slowest Speed 165 | 165 Overloaded Moves . | . Propulsion Burnouts . | . Robots Hopped . | . Cave-ins Triggered . | . Exploration Rate (%) 1 | 1 Regions Visited 1 Branch Regions 1 Pre-discovered Areas . | . Known Exits Taken . | . Unknown Exits Taken . | . Scrap Searched . | . Spaces Dug . | . Terrain Destroyed 13 | 13 Melee . | . Projectile . | . AOE 13 | 13 Actions | -5 --------- Run | Tow Total 52 | 52 Wait 2 | 2 Move 33 | 33 Hop . | . Pick Up . | . Fast Attach 1 | 1 Attach . | . Detach . | . Swap . | . Drop 7 | 7 Fire 9 | 9 Melee . | . Ram . | . Kick . | . Crush . | . Escape Stasis . | . Rewire . | . Trap . | . Miscellaneous . | . Route ------- -5/Wartown History --------- Turn | Location | Event 86 | -5/Wartown | Core integrity fell below 50% 88 | -5/Wartown | Self-destructed Last Messages --------------- 00073_ Biometal Medium Treads permanently disabled. 00073_ Overheating: Short circuit. 00073_ Dropped Broken Biometal Medium Treads. 00074_ Overheating: Core damaged (-47). 00075_ Acquired Adv. Hardlight Generator. 00076_ Power failure, Lgt. Deuterium Engine shutdown. 00076_ Dropped Adv. Hardlight Generator. 00077_ Overheating: Hyp. Mass Driver damaged (-46). 00078_ Power failure, Imp. Deuterium Engine shutdown. 00078_ Overheating: Energy bleed (-56). 00080_ Overheating: Matter decay (-20). 00082_ Overheating: Med. Reactive Plating damaged (-116). 00082_ Overheating: Arm. Huge Wheel damaged (-115). 00082_ ProtonLauncher-18 knocked back. 00082_ HV Slug penetrates Wall. 00083_ Power failure, Lgt. Deuterium Engine shutdown. 00084_ Barrage Gun permanently disabled. 00084_ Overheating: Short circuit. 00087_ Overheating: Core damaged (-45). 00088_ Overheating: Hyp. Mass Driver damaged (-13). Map ----- +----------------------------------------------------+ | ?????????????????# #??????????????????? | | ?????????????????# ! #??????????????????? | | ?????????????????# """ """ #??????????????????? | | ?????????????????# """ """ *#??????????????????? | | ?????????????????# """ """ #??????????????????? | | ?????????????????#! #??????????????????? | | ???????????? ???#=!""" """ #??????????????????? | | ??????????? ??#! """ """ #??????????????????? | | ??????????? ?# """ """ #???? ?????????????? | | ???????????? # #?? #??????????? | | ?????????????# # ! #? #??????????? | | ?????????????# # #;###+### #??????????? | | ?????????????# #??????????? | | ?????????????# ???????? | | ?????????????# * ???????? | | ?????????????# ????????? | | ???????????? = ###????????? | | ??????????? % #+###########??????????? | | ???????????? #???????????? | | ???????????? #???????????? | | ???????????? #???????????? | | ????????????? ] #???????????? | | ?????????????# #???????????? | | ?????????????## # #???????????? | | ???????????? # #???????????? | | ??????????? # #@ #???????????? | | ??????????? ?# # #???????????? | | ???????????? ??# ;! #???????????? | | ???????????? ???# =@ #???????????? | | ?????????????????# ! # #???????????? | | ?????????????????# ##############???????????? | | ?????????????????# ?????????????????????????? | | ?????????????????# ?????????????????????????? | | ?????????????????# ??????????????????????????? | | ?????????????????# ??????????????????????????? | | ?????????????????# ???????????????????????????? | | ?????????????????# ???????????????????????????? | | ?????????????????# ????????????????????????????? | | ?????????????????# ????????????????????????????? | | ?????????????????# ??????????????????????????????? | | ?????????????????# ??????????????????????????????? | | ?????????????????#???????????????????????????????? | | ?????????????????????????????????????????????????? | | ?????????????????????????????????????????????????? | | ?????????????????????????????????????????????????? | | ?????????????????????????????????????????????????? | | ?????????????????????????????????????????????????? | | ?????????????????????????????????????????????????? | | ?????????????????????????????????????????????????? | | ?????????????????????????????????????????????????? | +----------------------------------------------------+ Best States ------------- Heat Dissipation 25 Energy Generation 25 Energy Capacity 330 Matter Stores 300 Matter Capacity 300 Sight Range 16 Robot Scan Range 16 Terrain Scan Density 10 Armor Coverage 225 Resistance: KI 65 Resistance: TH 35 Resistance: EX 35 Resistance: EM 35 Resistance: I 35 Resistance: S 35 Resistance: P 35 Evasion (%) 40 Recoil Reduction 1 Offensive Hacking 20 Item Schematics ----------------- None Robot Schematics ------------------ None Fabricated ------------ Nothing Alien Tech Used ----------------- None Achievements -------------- None Challenges ------------ None Game ------ Seed CompactGravmagSink Manual? 0 Play Time 00:04:29 Cumulative 211.8 hours Start 2020.07.18 @ 22:25:52 End 2020.07.18 @ 22:28:31 Sessions 1 Manual Loads 0 Difficulty Explorer Special Mode Experiment/BattleRoyale Game No. 129 Rogue 0 Adventurer 44 Explorer 85 Win Type - Total 5 Types 4/0/1/0/0/0/0 Lore% 53 Gallery% 79 Achievement% 58 Wizard Run 0 Options --------- ASCII 0 Keyboard 0 Movement Mouse Keybinds 0 Fullscreen 1 Font 18/TerminusBold Map View 76x50 Tactical HUD 1 Map Filters NONE Filters SATURATION(100) Steam 1 RUN: 68661cf0-5358-4f31-8444-da321a973eb5